 Dungeon Crawl Stone Soup version 0.18-a0-1160-geb89fc2 (webtiles) character file.

3496 poirepourri the Thaumaturge (level 9, -1/45 HPs)
             Began as a Deep Elf Fire Elementalist on Jan 24, 2016.
             Was a Believer of Vehumet.
             Slain by a killer bee (6 damage)
             ... on level 8 of the Dungeon on Jan 25, 2016.
             The game lasted 00:22:34 (9414 turns).

poirepourri the Thaumaturge (DEFE)                  Turns: 9414, Time: 00:22:34

Health: -1/45      AC:  7    Str:  5    XL:     9   Next: 80%
Magic:  19/25      EV: 14    Int: 24    God:    Vehumet [**....]
Gold:   334        SH:  6    Dex: 15    Spells: 8 memorised, 7 levels left

rFire  x . .     SeeInvis +     j - staff of conjuration
rCold  + . .     Gourm    .     a - +0 robe
rNeg   . . .     Faith    .     y - +2 buckler
rPois  .         Spirit   .     t - +0 helmet
rElec  .         Dismiss  +     d - +0 cloak
rCorr  .         Reflect  .     k - +0 pair of gloves
SustAt .         Harm     .     H - +1 pair of boots
MR     .....                    D - amulet of dismissal
Stlth  +++.......               m - ring of ice
                                x - ring of see invisible

@: lethally poisoned (-1 -> -32), not resistant to hostile enchantments, fairly
stealthy
A: no striking features
a: Renounce Religion


You were on level 8 of the Dungeon.
You worshipped Vehumet.
Vehumet was pleased with you.
You were not hungry.

You visited 1 branch of the dungeon, and saw 9 of its levels.

You collected 334 gold pieces.

Inventory:

Armour
 a - a +0 robe (worn)
 d - a +0 cloak (worn)
 k - a +0 pair of gloves (worn)
 p - a +0 pair of gloves
 t - a +0 helmet (worn)
 y - a +2 buckler (worn)
 H - a +1 pair of boots (worn)
Magical Staves
 j - an uncursed staff of conjuration (weapon)
Jewellery
 l - an uncursed ring of teleportation
 m - a ring of ice (right hand)
 n - an uncursed amulet of rage
 x - a ring of see invisible (left hand)
 D - an amulet of dismissal (around neck)
Wands
 F - a wand of paralysis (24/24)
 G - a wand of teleportation (3/9)
 J - a wand of frost (34/48)
 K - a wand of disintegration (19/24)
 M - a wand of flame (15/48)
 N - a wand of cold (6/15)
Scrolls
 e - 2 scrolls of fear
 i - 6 scrolls of enchant weapon
 s - a scroll of immolation
Potions
 f - a potion of resistance
 g - a potion of heal wounds
 h - a potion of cure mutation
 o - 3 potions of agility
 q - 3 potions of lignification
 r - 2 potions of might
 w - 3 potions of mutation {unknown}
 I - a potion of brilliance {unknown}
Books
 b - a book of Flames

   Spells                             Type                      Level
   a - Flame Tongue                   Conjuration/Fire             1
   b - Throw Flame                    Conjuration/Fire             2
   c - Conjure Flame                  Conjuration/Fire             3
   d - Inner Flame                    Hexes/Fire                   3
   e - Sticky Flame                   Conjuration/Fire             4
   f - Fireball                       Conjuration/Fire             5
 v - a book of Burglary

   Spells                             Type                      Level
   a - Swiftness                      Charms/Air                   2
   b - Passwall                       Transmutation/Earth          3
   c - Passage of Golubria            Translocation                4
   d - Lee's Rapid Deconstruction     Earth                        5
   e - Darkness                       Hexes                        6
   f - Invisibility                   Hexes                        6
 B - a book of Clouds

   Spells                             Type                      Level
   a - Mephitic Cloud                 Conjuration/Poison/Air       3
   b - Conjure Flame                  Conjuration/Fire             3
   c - Poisonous Cloud                Conjuration/Poison/Air       6
   d - Freezing Cloud                 Conjuration/Ice/Air          6
   e - Ring of Flames                 Charms/Fire                  7
 L - a book of Ice

   Spells                             Type                      Level
   a - Ice Form                       Ice/Transmutation            4
   b - Metabolic Englaciation         Hexes/Ice                    5
   c - Ozocubu's Refrigeration        Ice                          6
   d - Bolt of Cold                   Conjuration/Ice              6
   e - Freezing Cloud                 Conjuration/Ice/Air          6
   f - Simulacrum                     Ice/Necromancy               6
Comestibles
 c - 4 bread rations
 u - a meat ration
 z - a royal jelly
 A - 9 fruits
 C - 2 slices of pizza
 O - a beef jerky


   Skills:
 - Level 0.1 Fighting
 + Level 5.7 Dodging
 + Level 4.6 Stealth
 + Level 0.5 Shields
 + Level 10.4 Spellcasting
 + Level 7.7 Conjurations
 + Level 8.7 Fire Magic
 + Level 1.8 Ice Magic
 + Level 0.2 Evocations


You had 7 spell levels left.
You knew the following spells:

 Your Spells              Type           Power        Failure   Level  Hunger
a - Flame Tongue          Conj/Fire      #####        1%          1    None
b - Throw Flame           Conj/Fire      ######       1%          2    None
c - Conjure Flame         Conj/Fire      ######..     1%          3    None
d - Inner Flame           Hex/Fire       ###.....     6%          3    None
e - Sticky Flame          Conj/Fire      ######..     2%          4    None
f - Fireball              Conj/Fire      ######....   10%         5    ####...
g - Freeze                Ice            ####         4%          1    None
h - Throw Frost           Conj/Ice       ######       1%          2    None


Dungeon Overview and Level Annotations

Branches:
Dungeon (9/15)             Temple (0/1) D:7
   Lair: D:8-11         Orc: D:9-12

Altars:
Cheibriados
Nemelex Xobeh
Pakellas
Qazlal
Sif Muna
Trog
Vehumet


Message History

You block the killer bee's attack.
The killer bee stings you but does no damage.
You block the killer bee's attack. The killer bee barely misses you.
The killer bee misses you.
Drink which item? (? for menu, Esc to quit)
Okay, then.
Zapping:
K - a wand of disintegration {recharged} (will waste charges)
Press: ? - help, Shift-Dir - straight line, f/p - killer bee
Aim: a killer bee (severely wounded, chance to defeat MR: 73%)
The killer bee struggles to resist.
Evoking this partially-identified wand wasted a few charges.
You feel sick. You block the killer bee's attack. The killer bee stings you. x2
* * * LOW HITPOINT WARNING * * *
The killer bee stings you.
* * * LOW HITPOINT WARNING * * *
The translocation field surrounding you vibrates and the killer bee disappears!
The killer bee stings you.
* * * LOW HITPOINT WARNING * * *
The killer bee stings you.
You die...

##................###
#....)..............#
#..................#
##................##
##..............## #
#.............## ### #
#............## ##.######
#..#......y§########........
#........y§@y...............
............§######..########
.....########## #..## # .?...
#.### # ... ## # #


You could see 3 killer bees.

Vanquished Creatures
  A hill giant (D:9)
  Prince Ribbit (D:6)
  Eustachio (D:6)
  A hippogriff (D:8)
  A steam dragon (D:4)
  A hungry ghost (D:8)
  A black bear (D:4)
  An ice beast (D:7)
  2 eyes of draining (D:4)
  An ogre (D:7)
  2 centaurs
  A big kobold (D:8)
  4 giant frogs
  A wyvern skeleton (D:7)
  3 scorpions (D:4)
  7 hounds
  A centaur zombie (D:5)
  2 crimson imps
  A quasit (D:8)
  2 giant frog zombies
  A jelly (D:5)
  Crazy Yiuf (D:6)
  10 orc wizards
  2 orc priests (D:5)
  Jessica (D:3)
  An iguana (D:6)
  4 worker ants
  A worker ant zombie (D:5)
  6 gnolls
  4 adders
  2 adder skeletons
  A worm (D:2)
  5 giant geckos
  29 orcs
  2 ball pythons
  3 giant cockroaches
  16 goblins
  18 hobgoblins
  14 jackals
  3 quokkas
  6 bats
  A giant gecko skeleton (D:4)
  6 giant newts
  13 kobolds
  A quokka skeleton (D:5)
  8 rats
194 creatures vanquished.

Notes
Turn   | Place    | Note
--------------------------------------------------------------
     0 | D:1      | poirepourri the Deep Elf Fire Elementalist began the quest for the Orb.
     0 | D:1      | Reached XP level 1. HP: 10/10 MP: 6/6
   133 | D:1      | Reached XP level 2. HP: 9/15 MP: 2/8
   906 | D:1      | Reached XP level 3. HP: 19/19 MP: 7/9
  1173 | D:2      | Learned a level 2 spell: Throw Flame
  1177 | D:2      | Learned a level 3 spell: Conjure Flame
  1181 | D:2      | Learned a level 3 spell: Inner Flame
  2312 | D:3      | Found a sparkling altar of Nemelex Xobeh.
  2313 | D:3      | Reached XP level 4. HP: 24/24 MP: 7/11
  2378 | D:3      | Reached skill level 4 in Spellcasting
  2469 | D:3      | Noticed Jessica
  2485 | D:3      | Killed Jessica
  2615 | D:3      | Found a stormy altar of Qazlal.
  3139 | D:4      | Found a radiant altar of Vehumet.
  3152 | D:4      | Became a worshipper of Vehumet
  3173 | D:4      | Reached XP level 5. HP: 12/28 MP: 6/13
  3499 | D:4      | Noticed a steam dragon
  3506 | D:4      | Killed a steam dragon
  3506 | D:4      | Reached skill level 5 in Spellcasting
  3506 | D:4      | Reached skill level 5 in Fire Magic
  3506 | D:4      | Reached XP level 6. HP: 18/32 MP: 6/15
  4360 | D:4      | Found a bloodstained altar of Trog.
  4485 | D:4      | Reached skill level 6 in Spellcasting
  4485 | D:4      | Reached XP level 7. HP: 15/36 MP: 11/18
  5288 | D:4      | Reached * piety under Vehumet
  5288 | D:4      | Offered knowledge of Freeze by Vehumet.
  5295 | D:4      | Learned a level 4 spell: Sticky Flame
  5301 | D:4      | Learned a level 5 spell: Fireball
  5313 | D:5      | Entered Level 5 of the Dungeon
  5404 | D:5      | Reached skill level 7 in Spellcasting
  5644 | D:5      | Identified a scroll of acquirement
  5680 | D:5      | Reached skill level 5 in Conjurations
  5680 | D:5      | Reached XP level 8. HP: 41/41 MP: 11/20
  5791 | D:5      | Found a snail-covered altar of Cheibriados.
  6733 | D:6      | Found a deep blue altar of Sif Muna.
  6767 | D:6      | Learned a level 1 spell: Freeze
  6789 | D:6      | Offered knowledge of Throw Frost by Vehumet.
  6790 | D:6      | Reached ** piety under Vehumet
  6902 | D:6      | Reached skill level 8 in Spellcasting
  7080 | D:6      | Noticed Eustachio
  7094 | D:6      | Killed Eustachio
  7190 | D:6      | Noticed Prince Ribbit
  7301 | D:6      | Learned a level 2 spell: Throw Frost
  7312 | D:6      | Killed Prince Ribbit
  7422 | D:6      | Noticed Crazy Yiuf
  7424 | D:6      | Killed Crazy Yiuf
  7665 | D:7      | Reached skill level 9 in Spellcasting
  7665 | D:7      | Reached XP level 9. HP: 45/45 MP: 14/24
  7702 | D:7      | Found a staircase to the Ecumenical Temple.
  7761 | D:7      | Found an oddly glowing altar of Pakellas.
  8040 | D:7      | Reached skill level 5 in Dodging
  8337 | D:7      | You fall through a shaft for 2 floors!
  8377 | D:8      | Noticed a hill giant
  8390 | D:9      | Killed a hill giant
  8395 | D:9      | Reached skill level 1 in Ice Magic
  8552 | D:8      | Reached skill level 10 in Spellcasting
  8605 | D:8      | Offered knowledge of Ignite Poison by Vehumet.
  8790 | D:8      | Reached *** piety under Vehumet
  9414 | D:8      | Slain by a killer bee

Vault maps used:
D:1:      minmay_arrival_shattered_statue
D:2:      first_bread
D:3:      old_standard_altar, nemelex_deck, uniq_jessica
D:4:      trog_eyes_of_draining, vehumet_crystals
D:5:      nicolae_overflow_hidden_temple
D:6:      corexii_shantytown, basic_altar, serial_bayou_crossing,
          uniq_prince_ribbit1, uniq_crazy_yiuf_cottage, uniq_eustachio
D:7:      minmay_temple_entry_overgrown, grunt_pakellas_basics
D:9:      grunt_temple_overflow_diamond, minmay_orc_entry_temple_small,
          grunt_pizzeria

Action                   |  1- 3 |  4- 6 |  7- 9 || total
-------------------------+-------+-------+-------++-------
Melee: Staff             |       |     1 |    44 ||    45
 Cast: Flame Tongue      |    70 |    62 |   190 ||   322
       Throw Flame       |    17 |    28 |    66 ||   111
       Throw Frost       |       |       |    10 ||    10
       Fireball          |       |       |     2 ||     2
       Freeze            |       |       |     4 ||     4
       Sticky Flame      |       |       |     4 ||     4
 Abil: Evoke Berserk Rag |       |       |     1 ||     1
Evoke: Wand              |       |       |     1 ||     1
  Use: Scroll            |     4 |     8 |    16 ||    28
       Potion            |     1 |       |     5 ||     6
 Stab: Sleeping          |       |       |     1 ||     1
  Eat: Bread ration      |     1 |     1 |     4 ||     6
       Beef jerky        |     1 |     1 |     1 ||     3
       Pizza             |     1 |       |       ||     1
